[Event "Titled Tuesday Blitz June 14 Late 2022"]
[White "Bluebaum, Matthias"]
[Black "Martin Carmona, Gaston Manuel"]
[WhiteFideId "24651516"]
[BlackFideId "22284567"]
[WhiteElo "2556"]
[BlackElo "2162"]
[Result "1-0"]
[Round "02"]
[TimeControl "180+1"]
[Date "2022.06.14"]
[WhiteClock "0:00:43"]
[BlackClock "0:00:01"]

1. d4 Nf6 2. c4 e6 3. Nc3 Bb4 4. e3 O-O 5. Bd2 d5 6. Nf3 b6 7. cxd5 exd5 8. Rc1 a6 9. Bd3 Bb7 10. O-O Re8 11. Ne5 Nbd7 12. f4 Bd6 13. Be1 c5 14. Bh4 c4 15. Bb1 b5 16. Nxd7 Qxd7 17. Bxf6 gxf6 18. Qh5 Rxe3 19. Rce1 Bxf4 20. Bf5 Qd6 21. Kh1 Rae8 22. Qxh7+ Kf8 23. Qh8+ Ke7 24. Qh4 Rxe1 25. Rxe1+ Kd8 26. Rxe8+ Kxe8 27. Ne2 Bg5 28. Qh8+ Ke7 29. h4 Bd2 30. Qg7 b4 31. h5 c3 32. bxc3 bxc3 33. h6 c2 34. Bxc2 Qe6 35. Bd3 Bxh6 36. Qxh6 a5 37. Qd2 Qb6 38. Qe3+ Kf8 39. Kh2 Qb2 40. Ng3 Qxa2 41. Nf5 Qa3 42. Qh6+ Ke8 43. Bb5+ Kd8 44. Qxf6+ Kc8 45. Qxf7 Qb4 46. Qd7+ Kb8 47. Nd6 Qxb5 48. Qxb5 1-0


[Site "https://www.chess.com"]

[Event "Titled Tuesday Blitz June 14 Late 2022"]
[White "Bolanos, Fernando"]
[Black "Cruz Mendez, Jean Marco"]
[WhiteFideId "3304094"]
[BlackFideId "3526402"]
[WhiteElo "2048"]
[BlackElo "2064"]
[Result "0-1"]
[Round "02"]
[TimeControl "180+1"]
[Date "2022.06.15"]
[WhiteClock "0:00:08"]
[BlackClock "0:00:16"]

1. e4 c5 2. Nf3 Nc6 3. d3 e6 4. Nbd2 g6 5. g3 Bg7 6. Bg2 Nge7 7. O-O O-O 8. Re1 b5 9. a4 b4 10. e5 Bb7 11. Nc4 Nc8 12. Bg5 Qc7 13. Qd2 d6 14. Bf6 dxe5 15. Bxg7 Kxg7 16. Nfxe5 Nxe5 17. Nxe5 Bxg2 18. Kxg2 Nd6 19. Ng4 Nf5 20. Re5 h5 21. Rxf5 hxg4 22. Rf4 f5 23. Re1 Rae8 24. d4 Qc6+ 25. Kg1 Qd6 26. Qe3 c4 27. Qe5+ Qxe5 28. dxe5 Rc8 29. Rd1 b3 30. c3 Rfd8 31. Rxd8 Rxd8 32. Rxc4 Rd1+ 33. Kg2 Rd2 34. Rc7+ Kh6 35. Rxa7 Rxb2 36. Rb7 g5 37. a5 f4 38. gxf4 gxf4 39. a6 Kg5 40. a7 Rb1 41. Rg7+ Kh4 42. Rh7+ Kg5 43. h4+ gxh3+ 44. Kf3 Ra1 45. Rb7 Kf5 46. Rf7+ Kxe5 47. Rc7 h2 48. Rh7 Rxa7 49. Rxh2 b2 50. Rh5+ Kd6 51. Rb5 Ra2 52. Kxf4 e5+ 53. Kf5 Kc6 54. Rb8 Kc5 55. Kxe5 Kc4 56. f4 Ra5+ 57. Kf6 Rb5 58. Rc8+ Kb3 59. c4 Rb6+ 60. Kf7 b1=Q 61. f5 Qxf5+ 62. Ke7 Re6+ 0-1


[Site "https://www.chess.com"]

[Event "Titled Tuesday Blitz June 14 Late 2022"]
[White "Donskov, Anatoly"]
[Black "Rychkov, Roman"]
[WhiteFideId "24143413"]
[BlackFideId "30985595"]
[WhiteElo "2219"]
[BlackElo "2336"]
[Result "1-0"]
[Round "02"]
[TimeControl "180+1"]
[Date "2022.06.15"]
[WhiteClock "0:00:08"]
[BlackClock "0:00:03"]

1. e4 e5 2. Nf3 Nc6 3. Bb5 a6 4. Ba4 Nf6 5. d3 b5 6. Bb3 Bc5 7. O-O d6 8. Be3 Nd4 9. c3 Nxb3 10. axb3 Qe7 11. b4 Bxe3 12. fxe3 O-O 13. Nbd2 Rd8 14. Qe2 Bb7 15. Nh4 g6 16. Nhf3 c5 17. h3 cxb4 18. cxb4 Rac8 19. Rac1 Nh5 20. Kh2 Nf6 21. Nb3 d5 22. Rxc8 Rxc8 23. Nc5 dxe4 24. dxe4 Nxe4 25. Nd3 Ng3 26. Kxg3 e4 27. Nf4 exf3 28. gxf3 Qxb4 29. Rd1 g5 30. Ng2 Qc5 31. Rd4 Qc2 32. Rd2 Qc7+ 33. Kf2 Qh2 34. Rd4 Qxh3 35. Rg4 h6 36. e4 Qh2 37. Qd2 Qe5 38. Ne3 Qh2+ 39. Rg2 Qc7 40. Kg1 Rd8 41. Qe1 Qc5 42. Kh2 Rd3 43. Nf5 Qe5+ 44. Kg1 Rxf3 45. Nxh6+ Kh7 46. Ng4 Qd4+ 47. Kh2 Bxe4 48. Rg3 Rxg3 49. Qxg3 Qxb2+ 50. Nf2 Qf6 51. Nxe4 Qb2+ 52. Kh3 f6 53. Nf2 Qe5 54. Qd3+ Kh6 55. Ng4+ Kh5 56. Nxe5 fxe5 57. Qh7# 1-0


[Site "https://www.chess.com"]

[Event "Titled Tuesday Blitz June 14 Late 2022"]
[White "Fedoseev, Vladimir"]
[Black "Dardha, Daniel"]
[WhiteFideId "24130737"]
[BlackFideId "240990"]
[WhiteElo "2726"]
[BlackElo "2482"]
[Result "0-1"]
[Round "02"]
[TimeControl "180+1"]
[Date "2022.06.14"]
[WhiteClock "0:00:01"]
[BlackClock "0:00:57"]

1. e4 e5 2. Nf3 Nc6 3. Bb5 a6 4. Bxc6 dxc6 5. O-O Qf6 6. d4 exd4 7. Bg5 Qd6 8. Nxd4 Be7 9. Be3 Nh6 10. f3 Bd7 11. Nd2 O-O-O 12. Qe2 f5 13. Nc4 Qg6 14. Bxh6 Qxh6 15. Nxf5 Bxf5 16. exf5 Rhe8 17. Qf2 Qf4 18. b3 Bf6 19. g3 Qd4 20. Rae1 b5 21. Rxe8 Rxe8 22. Nd2 Re2 23. Ne4 Rxf2 24. Rxf2 Qa1+ 25. Kg2 Qxa2 26. Re2 a5 27. Nc5 Kb8 28. g4 a4 29. h4 a3 30. g5 Qb1 31. gxf6 gxf6 0-1


[Site "https://www.chess.com"]

[Event "Titled Tuesday Blitz June 14 Late 2022"]
[White "Goldovsky, Roman"]
[Black "Malka, Samuel"]
[WhiteFideId "30964105"]
[BlackFideId "20643675"]
[WhiteElo "2224"]
[BlackElo "2473"]
[Result "0-1"]
[Round "02"]
[TimeControl "180+1"]
[Date "2022.06.15"]
[WhiteClock "0:00:29"]
[BlackClock "0:00:06"]

1. e4 e5 2. Nf3 Nc6 3. d4 exd4 4. Bc4 Nf6 5. e5 Ne4 6. O-O d5 7. Bb5 Bc5 8. Bxc6+ bxc6 9. Nxd4 Ba6 10. Re1 Nxf2 11. Qd2 Ne4 12. Qe3 O-O 13. Nd2 f6 14. exf6 Qxf6 15. c3 Rae8 16. N2f3 Bb6 17. Bd2 Nd6 18. Qg5 Ne4 19. Qxf6 Rxf6 20. Bg5 Rg6 21. Bh4 Rf8 22. Kh1 Rg4 23. Be7 Re8 24. Nf5 Bd3 25. h3 Nf2+ 26. Kh2 Rf4 27. N3d4 Ne4 28. Ba3 g6 29. Ng3 Bxd4 30. cxd4 Rf2 31. Nxe4 Bxe4 32. Rg1 Ref8 33. Bxf8 Kxf8 34. Raf1 Rxf1 35. Rxf1+ Ke7 36. Kg3 Kd6 37. Rc1 h6 38. Kf2 g5 39. g4 a6 40. Kg3 Bd3 41. b4 Bc4 42. a3 Bd3 43. h4 Be4 44. hxg5 hxg5 45. Rf1 Ke6 46. Rf8 Kd7 47. Rg8 c5 48. dxc5 d4 49. Rxg5 d3 50. Re5 d2 51. Rxe4 d1=Q 52. Rf4 Qd3+ 53. Rf3 Qg6 54. Kf4 Qf6+ 55. Kg3 Qe5+ 56. Kh4 Qh8+ 57. Kg3 Qe5+ 58. Kg2 a5 59. bxa5 Qxc5 60. Rf5 Qc2+ 61. Kg3 Qb3+ 62. Rf3 Qa4 63. g5 Qxa5 64. Kg4 Qa4+ 65. Rf4 Qd1+ 66. Kf5 Qd5+ 67. Kg4 Qe6+ 68. Kh5 Qe2+ 69. Kh6 Qh2+ 70. Kg7 Qxf4 71. g6 Ke6 72. Kh7 Kf6 73. g7 Qh4+ 74. Kg8 Qg5 75. Kf8 Qxg7+ 76. Ke8 Qe7# 0-1


[Site "https://www.chess.com"]

[Event "Titled Tuesday Blitz June 14 Late 2022"]
[White "Gurevich, Dmitry"]
[Black "Ivic, Velimir"]
[WhiteFideId "2000407"]
[BlackFideId "950122"]
[WhiteElo "2506"]
[BlackElo "2610"]
[Result "0-1"]
[Round "02"]
[TimeControl "180+1"]
[Date "2022.06.14"]
[WhiteClock "0:00:03"]
[BlackClock "0:00:56"]

1. d4 d5 2. c4 e6 3. Nc3 Nf6 4. Nf3 dxc4 5. e3 Bb4 6. Bxc4 O-O 7. O-O b6 8. Qe2 Bb7 9. a3 Bxc3 10. bxc3 Nbd7 11. Bd3 Ne4 12. Bb2 c5 13. Nd2 Nxd2 14. Qxd2 e5 15. Rfd1 Qg5 16. Bf1 Nf6 17. dxe5 Qxe5 18. c4 Qg5 19. Qd6 Ne4 20. Qe5 Qxe5 21. Bxe5 Rad8 22. f3 Nd2 23. Kf2 Ba6 24. Rac1 f6 25. Bb2 Nxf1 26. Kxf1 Bxc4+ 27. Kf2 Bb3 28. Rxd8 Rxd8 29. Ke2 Kf7 30. e4 Ke6 31. Ke3 g6 32. g4 a5 33. h4 c4 34. Bd4 b5 35. f4 f5 36. gxf5+ gxf5 37. exf5+ Kxf5 38. Rg1 h6 39. Rg7 b4 40. axb4 axb4 41. Rf7+ Kg4 42. Rb7 Re8+ 43. Kf2 Re4 44. Bc5 c3 45. Bxb4 Rxb4 46. Rxb4 c2 47. f5+ Kh5 48. Rxb3 c1=Q 49. Rf3 Kg4 50. Rg3+ Kxh4 51. Rf3 Qd2+ 0-1


[Site "https://www.chess.com"]

[Event "Titled Tuesday Blitz June 14 Late 2022"]
[White "Hartikainen, Jarmo"]
[Black "Jian, Alex"]
[WhiteFideId "503134"]
[BlackFideId "30901022"]
[WhiteElo "2162"]
[BlackElo "2111"]
[Result "0-1"]
[Round "02"]
[TimeControl "180+1"]
[Date "2022.06.15"]
[WhiteClock "0:00:04"]
[BlackClock "0:00:06"]

1. e4 c5 2. Nf3 e6 3. d4 cxd4 4. Nxd4 a6 5. Nc3 Qc7 6. Bd3 Nf6 7. Be3 b5 8. O-O Bb7 9. f3 Bc5 10. Nce2 O-O 11. c3 d6 12. Kh1 Nbd7 13. Nc2 Rfd8 14. a4 Bxe3 15. Nxe3 Nc5 16. axb5 axb5 17. Rxa8 Rxa8 18. Bxb5 Qb6 19. c4 Ncxe4 20. Qd4 Qxd4 21. Nxd4 Nc5 22. b4 Nd3 23. Ndc2 Ra2 24. c5 Nf4 25. cxd6 Kf8 26. Rd1 N6d5 27. Bc4 Rb2 28. Bxd5 Nxd5 29. Kg1 Ke8 30. Nd4 Nxe3 31. Ra1 Rxg2+ 32. Kh1 Rb2 33. Ra7 Bd5 34. b5 Kd8 35. h4 Rd2 36. Nc6+ Bxc6 37. bxc6 Rxd6 38. Rxf7 Nf5 39. Rf8+ Kc7 40. Re8 Kxc6 41. Kg2 Nxh4+ 42. Kh3 Nf5 43. Kg4 h6 44. Rc8+ Kd5 45. Rc1 Rc6 46. Rd1+ Ke5 47. Re1+ Kf6 48. f4 Rc2 49. Rg1 Ne3+ 50. Kf3 Nd5 51. Ke4 Rc4+ 52. Kd3 Rxf4 53. Rg2 Rf5 54. Ke4 Re5+ 55. Kf3 Re3+ 56. Kf2 Ra3 57. Rg4 Ra2+ 58. Kf3 g5 59. Rd4 Nf4 60. Ke4 Re2+ 61. Kf3 Rc2 62. Rb4 Rc3+ 63. Ke4 Rc5 64. Rb6 Re5+ 65. Kf3 Rf5 66. Kg4 Nd5 67. Kg3 Nxb6 68. Kg4 Rf4+ 69. Kg3 Rh4 70. Kg2 Kf5 71. Kg3 Rf4 72. Kg2 e5 73. Kg3 e4 74. Kg2 e3 75. Kg1 e2 76. Kg2 e1=Q 77. Kh3 Qe3+ 0-1


[Site "https://www.chess.com"]

[Event "Titled Tuesday Blitz June 14 Late 2022"]
[White "Hjartarson, Johann"]
[Black "Andreikin, Dmitry"]
[WhiteFideId "2300044"]
[BlackFideId "4158814"]
[WhiteElo "2458"]
[BlackElo "2736"]
[Result "0-1"]
[Round "02"]
[TimeControl "180+1"]
[Date "2022.06.14"]
[WhiteClock "0:00:04"]
[BlackClock "0:00:21"]

1. e4 c5 2. Nf3 e6 3. d4 cxd4 4. Nxd4 Nc6 5. Nc3 a6 6. g3 Qc7 7. Bg2 Nf6 8. O-O Nxd4 9. Qxd4 Bc5 10. Bf4 d6 11. Qd2 h6 12. Rad1 e5 13. Be3 Bxe3 14. Qxe3 Be6 15. Rd2 O-O 16. Rfd1 Rfd8 17. h3 b5 18. a3 Rac8 19. f4 Kf8 20. Kh2 Bc4 21. Bf3 Ke7 22. Kg2 Qc5 23. Qxc5 Rxc5 24. Kf2 Be6 25. h4 g5 26. hxg5 hxg5 27. fxe5 Rxe5 28. Rh1 Rc8 29. Rd4 Rec5 30. Rhd1 R8c6 31. R4d2 Re5 32. Rd4 Nd7 33. R1d2 Rec5 34. Nd5+ Bxd5 35. exd5 Rc7 36. c3 Ne5 37. Be2 f5 38. a4 Kf6 39. axb5 axb5 40. Rb4 Rh7 41. Kg2 Rc8 42. Rxb5 Rch8 43. Rb6 Rh2+ 44. Kg1 Nc4 45. Bxc4 Rxd2 46. Rxd6+ Kg7 47. Rd7+ Kg6 48. b4 Rh3 49. Rd6+ Kh5 50. b5 Rxg3+ 51. Kf1 Rxc3 52. Be2+ g4 53. b6 Rc1+ 54. Kf2 Rcc2 55. Re6 Rb2 56. Ke1 Rxd5 0-1


[Site "https://www.chess.com"]

[Event "Titled Tuesday Blitz June 14 Late 2022"]
[White "Hnydiuk, Aleksander"]
[Black "Sadhwani, Raunak"]
[WhiteFideId "1109057"]
[BlackFideId "35093487"]
[WhiteElo "2374"]
[BlackElo "2616"]
[Result "1/2-1/2"]
[Round "02"]
[TimeControl "180+1"]
[Date "2022.06.14"]
[WhiteClock "0:00:12"]
[BlackClock "0:00:07"]

1. Nf3 Nf6 2. c4 g6 3. d4 Bg7 4. g3 c5 5. Nc3 cxd4 6. Nxd4 Nc6 7. Bg2 O-O 8. O-O Qa5 9. Nb3 Qh5 10. c5 a5 11. Na4 d6 12. cxd6 Rd8 13. Bf4 e5 14. Bc1 Bh3 15. e4 Qxd1 16. Rxd1 Bxg2 17. Kxg2 Nxe4 18. d7 b5 19. Nac5 a4 20. Nxe4 axb3 21. Bg5 Rf8 22. axb3 Rab8 23. Rac1 Nd4 24. Nf6+ Kh8 25. Ne8 f6 26. Be3 Rd8 27. Nxg7 Kxg7 28. Bxd4 exd4 29. Rxd4 Rf7 30. Rc7 f5 31. Rd6 Re7 32. b4 Kf7 33. h4 Kg7 34. Kf3 Kh6 35. Kf4 Kh5 36. f3 Kh6 37. Rb7 Kg7 38. g4 fxg4 39. fxg4 Rf8+ 40. Kg3 Re3+ 41. Kg2 Re2+ 42. Kg3 Re3+ 43. Kg2 Re2+ 44. Kg3 Re3+ 1/2-1/2


[Site "https://www.chess.com"]

[Event "Titled Tuesday Blitz June 14 Late 2022"]
[White "Injac, Teodora"]
[Black "Baches Garcia, Guillermo"]
[WhiteFideId "932400"]
[BlackFideId "2209764"]
[WhiteElo "2278"]
[BlackElo "2518"]
[Result "1-0"]
[Round "02"]
[TimeControl "180+1"]
[Date "2022.06.15"]
[WhiteClock "0:00:05"]
[BlackClock "0:00:17"]

1. Nf3 Nf6 2. c4 e6 3. Nc3 d5 4. d4 c5 5. cxd5 Nxd5 6. e3 cxd4 7. exd4 Nxc3 8. bxc3 Qc7 9. Bd2 Nd7 10. Bd3 Bd6 11. O-O O-O 12. Re1 b6 13. Qe2 Bb7 14. h3 Bf4 15. Be3 Rac8 16. Rac1 h6 17. c4 Bxe3 18. fxe3 e5 19. d5 Qc5 20. Kh1 f5 21. e4 f4 22. Nh4 Nf6 23. Nf5 Rcd8 24. Rg1 Bc8 25. Nh4 Qe7 26. Ng6 Qf7 27. Nxe5 Qe8 28. Nc6 Nh5 29. Kh2 Ng3 30. Qf3 g5 31. Nxd8 Qxd8 32. Rge1 g4 33. Qf2 Qh4 34. e5 gxh3 35. e6 hxg2+ 36. Kxg2 Qh3+ 37. Kf3 Qh5+ 38. Kg2 f3+ 39. Kxg3 Qg5+ 40. Kh2 Rf4 41. Rg1 Rh4+ 42. Qxh4 f2 43. Rxg5+ hxg5 44. Qxg5+ 1-0


[Site "https://www.chess.com"]

[Event "Titled Tuesday Blitz June 14 Late 2022"]
[White "Isajevsky, Anton"]
[Black "Kosakowski, Jakub"]
[WhiteFideId "4142500"]
[BlackFideId "1185080"]
[WhiteElo "2510"]
[BlackElo "2476"]
[Result "1-0"]
[Round "02"]
[TimeControl "180+1"]
[Date "2022.06.14"]
[WhiteClock "0:00:06"]
[BlackClock "0:00:05"]

1. c4 e5 2. g3 c6 3. d4 exd4 4. Qxd4 d5 5. Nf3 Nf6 6. cxd5 cxd5 7. a3 Nc6 8. Qd3 Bc5 9. Bg2 O-O 10. O-O Ne4 11. Nc3 Bf5 12. Qxd5 Nxc3 13. Qxc5 Nxe2+ 14. Kh1 Nxc1 15. Raxc1 Qf6 16. Nh4 Be6 17. Qc3 Nd4 18. Nf3 Rad8 19. Nxd4 Rxd4 20. Bxb7 Rfd8 21. Bg2 h6 22. b4 Bd5 23. Bxd5 R8xd5 24. Kg1 h5 25. h4 g5 26. hxg5 Qxg5 27. Rce1 Rd8 28. Re8+ Rxe8 29. Qxd4 Re6 30. Rd1 Qf5 31. Qd8+ Kh7 32. Qd3 Re4 33. Kg2 h4 34. Rh1 Kg6 35. Rxh4 Re5 36. Qxf5+ Rxf5 37. Rf4 Rd5 38. Rc4 f6 39. Rc6 a5 40. bxa5 Rxa5 41. Rc3 Ra4 42. f4 f5 43. Kf3 Kf7 44. Ke3 Kf6 45. Kd3 Kg6 46. Kc2 Kh5 47. Kb3 Ra8 48. a4 Rb8+ 49. Ka3 Ra8 50. Kb4 Rb8+ 51. Kc5 Rc8+ 52. Kd4 Ra8 53. Ra3 Rd8+ 54. Ke5 Kg6 55. a5 Re8+ 56. Kd6 Rd8+ 57. Kc7 1-0


[Site "https://www.chess.com"]

[Event "Titled Tuesday Blitz June 14 Late 2022"]
[White "Jocev, Milan"]
[Black "Babazada, Khazar"]
[WhiteFideId "900680"]
[BlackFideId "13413554"]
[WhiteElo "2322"]
[BlackElo "2406"]
[Result "0-1"]
[Round "02"]
[TimeControl "180+1"]
[Date "2022.06.14"]
[WhiteClock "0:00:36"]
[BlackClock "0:02:17"]

1. Nf3 c5 2. e4 b6 3. d4 cxd4 4. Nxd4 Bb7 5. Bd3 g6 6. O-O Bg7 7. c3 Nf6 8. Qe2 O-O 9. e5 Nd5 10. f4 Nc6 11. Nd2 Nxd4 12. cxd4 d6 13. e6 f5 14. Nf3 Nb4 15. Bb1 Ba6 16. Qe3 Bxf1 17. Kxf1 Qc7 18. Bd2 Nc2 19. Bxc2 Qxc2 20. Bc3 Rfc8 21. Ng5 b5 22. Qh3 h5 23. Qg3 b4 24. Nf7 bxc3 25. Qxg6 Qd3+ 26. Ke1 Qe4+ 27. Kf1 Qxf4+ 28. Ke1 cxb2 0-1


[Site "https://www.chess.com"]

[Event "Titled Tuesday Blitz June 14 Late 2022"]
[White "Kamsky, Gata"]
[Black "Janaszak, Dawid"]
[WhiteFideId "2000024"]
[BlackFideId "1119206"]
[WhiteElo "2645"]
[BlackElo "2199"]
[Result "1-0"]
[Round "02"]
[TimeControl "180+1"]
[Date "2022.06.14"]
[WhiteClock "0:00:43"]
[BlackClock "0:00:10"]

1. e4 c5 2. Nf3 Nc6 3. d4 cxd4 4. Nxd4 g6 5. c4 Bg7 6. Be3 Qb6 7. Nb3 Qd8 8. Nc3 Bxc3+ 9. bxc3 Nf6 10. f3 d6 11. Be2 b6 12. O-O Ba6 13. Bh6 Rg8 14. Bg5 Nd7 15. Nd4 Nce5 16. Qa4 Qc8 17. Nb5 Bb7 18. Rad1 Bc6 19. Qb4 Bxb5 20. cxb5 Qc5+ 21. Kh1 Rc8 22. Qa4 Qc7 23. f4 Nc4 24. Rd4 Nb2 25. Qb4 Qxc3 26. Rb1 Qc1+ 27. Rxc1 Rxc1+ 28. Bd1 Nxd1 29. Kg1 Nc5 30. f5 gxf5 31. Bxc1 1-0


[Site "https://www.chess.com"]

[Event "Titled Tuesday Blitz June 14 Late 2022"]
[White "Kollars, Dmitrij"]
[Black "Uskov, Artem"]
[WhiteFideId "12909572"]
[BlackFideId "34254854"]
[WhiteElo "2584"]
[BlackElo "2335"]
[Result "1-0"]
[Round "02"]
[TimeControl "180+1"]
[Date "2022.06.14"]
[WhiteClock "0:00:15"]
[BlackClock "0:00:01"]

1. d4 Nf6 2. c4 g6 3. Nc3 Bg7 4. e4 d6 5. h3 O-O 6. Be3 e5 7. d5 Na6 8. g4 Nd7 9. h4 Ndc5 10. h5 c6 11. Be2 Bd7 12. a3 cxd5 13. cxd5 Be8 14. b4 Nd7 15. Nf3 Rc8 16. Rc1 Nf6 17. Nd2 Bd7 18. Kf1 Nc7 19. Kg2 Nfe8 20. Qg1 g5 21. h6 Bf6 22. Nf1 Be7 23. Ng3 f6 24. Bxa7 Ra8 25. f3 Na6 26. Bb6 Qb8 27. Qe3 Bd8 28. Nb5 Bxb5 29. Bxb5 Nac7 30. Bd7 Rf7 31. Bf5 Ra6 32. Bxc7 Nxc7 33. b5 Nxb5 34. Rc8 Qc7 35. Rc1 Qa5 36. Rxd8+ Qxd8 37. Rc8 Qxc8 38. Bxc8 Rc7 39. Be6+ Kf8 40. Qb3 Nxa3 41. Nh5 Ke7 42. Ng7 Nc4 43. Kg3 Ra3 44. Qb4 Ra6 45. Bg8 Rb6 46. Qc3 Rc5 47. Bxh7 Kf7 48. Bf5 Rb2 49. Ne6 Rc8 50. h7 Rh8 51. Qxc4 1-0


[Site "https://www.chess.com"]

[Event "Titled Tuesday Blitz June 14 Late 2022"]
[White "Korchmar, Vasiliy"]
[Black "Zherebtsova, Alexandra"]
[WhiteFideId "24131750"]
[BlackFideId "24129518"]
[WhiteElo "2370"]
[BlackElo "2025"]
[Result "1-0"]
[Round "02"]
[TimeControl "180+1"]
[Date "2022.06.15"]
[WhiteClock "0:00:07"]
[BlackClock "0:00:01"]

1. e4 e5 2. Nf3 Nc6 3. Nc3 Nf6 4. h3 g6 5. d4 exd4 6. Nxd4 Bg7 7. Nxc6 bxc6 8. Bc4 O-O 9. O-O Re8 10. Bg5 h6 11. Bh4 Rb8 12. Bb3 Bb7 13. Re1 d6 14. f4 Qd7 15. Qd3 Nh5 16. Qf3 c5 17. f5 Bd4+ 18. Kh1 Kh7 19. Ba4 Bc6 20. Bb3 Rf8 21. Rad1 Ng7 22. Bf2 Nxf5 23. Bd5 Bxf2 24. Qxf2 Nd4 25. e5 f5 26. exf6 Nf5 27. Be6 Qd8 28. Bxf5 Rxf6 29. Bxg6+ Rxg6 30. Qf7+ Rg7 31. Qf5+ Kh8 32. Re2 Qg5 33. Qf2 Rxb2 34. Ne4 Bxe4 35. Rxe4 Rb8 36. Rde1 Rbg8 37. Rg4 Qh5 38. Rh4 Qg5 39. Re6 Rg6 40. Rxg6 Rxg6 41. Rf4 Rg8 42. Rf7 Rg7 43. Rf8+ Kh7 44. Rf5 Qg6 45. Rf6 Qg5 46. a4 a5 47. c3 Qe5 48. Qh4 Qg5 49. Qe4+ Kh8 50. Qf3 1-0


[Site "https://www.chess.com"]

[Event "Titled Tuesday Blitz June 14 Late 2022"]
[White "Kozak, Adam"]
[Black "Guz, Ari"]
[WhiteFideId "753246"]
[BlackFideId "2825759"]
[WhiteElo "2459"]
[BlackElo "1913"]
[Result "1-0"]
[Round "02"]
[TimeControl "180+1"]
[Date "2022.06.14"]
[WhiteClock "0:00:35"]
[BlackClock "0:00:12"]

1. Nf3 Nf6 2. c4 g6 3. Nc3 Bg7 4. e4 d6 5. d4 O-O 6. Be2 c5 7. O-O cxd4 8. Nxd4 Bd7 9. Be3 Nc6 10. Re1 Nxd4 11. Bxd4 a5 12. Bf1 Bc6 13. Nd5 Bxd5 14. exd5 Nd7 15. h4 Re8 16. h5 Bxd4 17. Qxd4 Qb6 18. Qd2 Qb4 19. Qc2 Rac8 20. a3 Qc5 21. Qd2 a4 22. Rac1 Nf6 23. h6 Rc7 24. Rc3 Qa5 25. Qf4 Kf8 26. Rce3 Qa8 27. g4 b5 28. g5 Nh5 29. Qd4 f6 30. cxb5 Rc5 31. Bg2 Rxb5 32. Bf3 Qc8 33. Bxh5 gxh5 34. Re6 Qc5 35. Rxf6+ Kg8 36. Rf8+ 1-0


[Site "https://www.chess.com"]

[Event "Titled Tuesday Blitz June 14 Late 2022"]
[White "Krstulovic, Alex"]
[Black "Lopez Del Alamo, Antonio"]
[WhiteFideId "760056"]
[BlackFideId "2227339"]
[WhiteElo "2193"]
[BlackElo "2089"]
[Result "1-0"]
[Round "02"]
[TimeControl "180+1"]
[Date "2022.06.15"]
[WhiteClock "0:00:03"]
[BlackClock "0:00:04"]

1. e4 c5 2. Nf3 e6 3. d4 cxd4 4. Nxd4 Nf6 5. Nc3 Nc6 6. Ndb5 d6 7. Bf4 e5 8. Bg5 a6 9. Na3 b5 10. Nd5 Be7 11. c4 Nxd5 12. exd5 Bxg5 13. dxc6 Qa5+ 14. Ke2 O-O 15. h4 Bh6 16. f3 Be6 17. g3 bxc4 18. Kf2 d5 19. Kg2 Rab8 20. Qe2 c3 21. Rb1 cxb2 22. c7 Qxc7 23. Rxb2 Rxb2 24. Qxb2 Bc1 25. Qb4 Rb8 26. Qa4 Rb2+ 27. Be2 Bd7 28. Qxa6 g6 29. h5 Rxa2 30. Qa8+ Kg7 31. h6+ Kf6 32. Qa6+ Be6 33. g4 Rxa3 34. g5+ Bxg5 35. Qxa3 Qc2 36. Qd3 Qxd3 37. Bxd3 Ke7 38. Be2 f5 39. Kg3 Bf4+ 40. Kg2 Kf6 41. Rb1 Bxh6 42. Rb7 Bg7 43. Rb6 g5 44. Bb5 Ke7 45. Rb7+ Kf8 46. Rb8+ Kf7 47. Rb7+ Kf6 48. Rb6 g4 49. Bd7 gxf3+ 50. Kxf3 e4+ 51. Ke2 Ke5 52. Rxe6+ Kd4 53. Re7 Be5 54. Bxf5 Bf4 55. Rxh7 Ke5 56. Bd7 d4 57. Bb5 Kf5 58. Rd7 Ke5 59. Rd8 Be3 60. Re8+ Kf5 61. Bc6 d3+ 62. Kd1 Bf4 63. Bxe4+ Kg4 64. Bxd3 Kf3 65. Be2+ Kf2 66. Rf8 Kg3 67. Rg8+ Kf2 68. Re8 Kg3 69. Kc2 Kf2 70. Kd3 Kg3 71. Rf8 1-0


[Site "https://www.chess.com"]

[Event "Titled Tuesday Blitz June 14 Late 2022"]
[White "Lashkin, Jegor"]
[Black "Przybylski, Wojciech"]
[WhiteFideId "13907808"]
[BlackFideId "1117599"]
[WhiteElo "2368"]
[BlackElo "2133"]
[Result "1/2-1/2"]
[Round "02"]
[TimeControl "180+1"]
[Date "2022.06.15"]
[WhiteClock "0:00:09"]
[BlackClock "0:00:08"]

1. Nf3 d5 2. d4 Nf6 3. e3 Bg4 4. h3 Bh5 5. Bd3 Nbd7 6. c4 e6 7. O-O Bd6 8. Nbd2 O-O 9. Qc2 Bg6 10. Bxg6 hxg6 11. e4 dxe4 12. Nxe4 Nxe4 13. Qxe4 b6 14. Ng5 Be7 15. Qh4 Bxg5 16. Bxg5 Qc8 17. Rad1 Re8 18. b3 c5 19. Qe4 cxd4 20. Rxd4 Nc5 21. Qf3 e5 22. Rd6 Qf5 23. Qxf5 gxf5 24. Be3 Ne4 25. Rd7 f4 26. Bc1 Nc5 27. Rd5 Re7 28. Rfd1 Re6 29. Kf1 g5 30. Re1 Rae8 31. Ba3 Na6 32. Rd7 e4 33. Rxa7 Nb8 34. Ra8 Kg7 35. Bb2+ Kg6 36. Bd4 Nd7 37. Ra7 Rd6 38. Bc3 e3 39. Bb4 Rd4 40. fxe3 fxe3 41. Ke2 Rf4 42. Rxd7 Rf2+ 43. Kd3 Rxa2 44. Rxe3 Rxe3+ 45. Kxe3 Rxg2 46. Rd3 f5 47. Kf3 Rh2 48. Rd6+ Kh5 49. Kg3 Re2 50. Rxb6 Re3+ 51. Kf2 Rxb3 52. Bc5 Rc3 53. Rb4 Rc2+ 54. Ke3 Rc3+ 55. Kd4 Rxh3 56. Bd6 Rh4+ 57. Kd5 Rh1 58. Rb2 f4 59. c5 Rd1+ 60. Ke4 Re1+ 61. Kf3 Re3+ 62. Kf2 Rd3 63. Rc2 g4 64. Bxf4 Rf3+ 65. Kg2 Rxf4 66. c6 Rf8 67. Kg3 Rc8 68. Rc5+ Kg6 69. Kxg4 Kf6 70. Kf4 Ke6 71. Ke4 Kd6 72. Rh5 Kxc6 73. Rh6+ Kc7 74. Kd5 Rg8 75. Rh7+ Kb6 76. Rh5 Rd8+ 77. Kc4 Rc8+ 78. Kb4 Rc6 79. Rg5 Rd6 80. Rb5+ Kc6 81. Rc5+ Kb6 82. Rb5+ Kc6 83. Rc5+ Kb6 84. Rb5+ 1/2-1/2


[Site "https://www.chess.com"]

[Event "Titled Tuesday Blitz June 14 Late 2022"]
[White "Leiva, Gianmarco"]
[Black "Dubov, Daniil"]
[WhiteFideId "3804399"]
[BlackFideId "24126055"]
[WhiteElo "2323"]
[BlackElo "2791"]
[Result "0-1"]
[Round "02"]
[TimeControl "180+1"]
[Date "2022.06.14"]
[WhiteClock "0:00:24"]
[BlackClock "0:00:33"]

1. e4 e5 2. Nf3 Nc6 3. Bc4 Nf6 4. d3 Be7 5. O-O O-O 6. a4 d6 7. a5 a6 8. h3 Be6 9. Nbd2 Bxc4 10. Nxc4 h6 11. c3 Re8 12. Qb3 Rb8 13. Be3 Bf8 14. Rfe1 d5 15. exd5 Qxd5 16. d4 e4 17. Nfd2 Qf5 18. Nf1 Nd5 19. Ng3 Qg6 20. Nd2 Rbd8 21. Ndxe4 f5 22. Nc5 Bxc5 23. dxc5 Kh7 24. Ne2 Nxe3 25. Nf4 Qg5 26. fxe3 Ne5 27. Red1 Qg3 28. Kh1 Qxe3 29. Ne6 Rxd1+ 30. Rxd1 Nd3 31. Kh2 Nf2 32. Rf1 Qe5+ 33. Kg1 Nxh3+ 34. gxh3 Qg3+ 35. Kh1 Qxh3+ 36. Kg1 Qg3+ 37. Kh1 Qh3+ 38. Kg1 Qe3+ 39. Rf2 Rxe6 40. Qxb7 Qe1+ 41. Kg2 Rg6+ 42. Kf3 Qh1+ 43. Ke2 Qxb7 0-1


[Site "https://www.chess.com"]

[Event "Titled Tuesday Blitz June 14 Late 2022"]
[White "Livaic, Leon"]
[Black "Song, Michael"]
[WhiteFideId "14531534"]
[BlackFideId "2613190"]
[WhiteElo "2540"]
[BlackElo "2274"]
[Result "1/2-1/2"]
[Round "02"]
[TimeControl "180+1"]
[Date "2022.06.14"]
[WhiteClock "0:00:12"]
[BlackClock "0:00:22"]

1. d4 Nf6 2. c4 c5 3. d5 e6 4. Nc3 exd5 5. cxd5 d6 6. e4 g6 7. Nf3 Bg7 8. Bg5 h6 9. Bh4 O-O 10. Nd2 Re8 11. Be2 a6 12. a4 Nbd7 13. O-O g5 14. Bg3 Ne5 15. f4 gxf4 16. Bxf4 Rb8 17. Kh1 Bd7 18. Bxe5 Rxe5 19. Nc4 Rg5 20. Nxd6 Qe7 21. Nf5 Bxf5 22. exf5 Qd6 23. Qd2 Re8 24. Qf4 Qxf4 25. Rxf4 Nd7 26. Ne4 Bxb2 27. Rb1 Bd4 28. Rxb7 Nf6 29. Bf3 Nxd5 30. Rh4 Rxf5 31. h3 Nf6 32. Nxf6+ Rxf6 33. Rb1 Kg7 34. Rh5 Re5 35. Rxe5 Bxe5 36. Rc1 Bd4 37. Bd5 Rf2 38. Bc4 a5 39. g4 Kf6 40. Rf1 Rxf1+ 41. Bxf1 Ke5 42. Bc4 f6 43. Kg2 Ke4 44. Kf1 Ke3 45. Ke1 Bc3+ 46. Kd1 Kd4 47. Be6 c4 48. Kc2 Bb4 49. Bf7 c3 50. h4 Ke3 51. h5 Kf4 52. Be6 Kg5 53. Bf5 Kf4 54. Be6 Ke5 55. Bf5 Kd4 56. Bd7 Bd6 57. Bf5 Bf4 58. Kb3 Be5 59. Kc2 Ke3 60. Be6 Kd4 61. Bf5 Kc4 62. Be6+ Kb4 63. Bd7 Ka3 64. Be8 1/2-1/2


[Site "https://www.chess.com"]